 Dungeon Crawl Stone Soup version 0.12.2-15-gdabe59b (console) character file.

74 Rodney the Sneak (level 3, 0/22 HPs)
             Began as a Vampire Wizard on Aug 15, 2013.
             Slain by Sigmund
             ... wielding a +0,+0 scythe
              (12 damage)
             ... on Level 2 of the Dungeon.
             The game lasted 00:06:55 (1827 turns).

Rodney the Sneak (Vampire Wizard)                   Turns: 1827, Time: 00:06:56

HP   0/22        AC  2     Str  6      XL: 3   Next: 17%
MP   4/10        EV 12     Int 21      God:
Gold 39          SH  0     Dex 12      Spells:  4 memorised,  0 levels left

Res.Fire  : . . .   See Invis. : +   e - -3 dagger (curse)
Res.Cold  : . . .   Warding    : .   a - +0 robe
Life Prot.: + . .   Conserve   : .   (no shield)
Res.Poison: .       Res.Corr.  : .   b - +0 wizard hat
Res.Elec. : .       Clarity    : .   (no cloak)
Sust.Abil.: . .     Spirit.Shd : .   (no gloves)
Res.Mut.  : .       Stasis     : .   (no boots)
Res.Rott. : .       Ctrl.Telep.: .   (no amulet)
Saprovore : . . .   Flight     : .   (no ring)
                                     (no ring)

@: slightly resistant to hostile enchantments, stealthy
A: fangs 3, see invisible, unbreathing
a: Bat Form


You were on level 2 of the Dungeon.
You were not thirsty.

You visited 1 branch of the dungeon, and saw 2 of its levels.

You collected 19 gold pieces.

Inventory:

Hand weapons
 e - a cursed -3,-3 dagger (weapon)
Armour
 a - a +0 robe (worn)
 b - a +0 wizard hat (worn)
Scrolls
 g - a scroll of random uselessness {unknown}
Jewellery
 f - an uncursed amulet of faith {unknown}
Potions
 d - a potion of confusion {unknown}
 h - a potion of restore abilities {unknown}
Books
 c - a book of Minor Magic

   Spells                             Type                      Level
   *Magic Dart                        Conjuration                  1
   *Blink                             Translocation                2
   *Call Imp                          Summoning                    2
   Repel Missiles                     Charms/Air                   2
   Slow                               Hexes                        2
   Conjure Flame                      Conjuration/Fire             3
   *Mephitic Cloud                    Conjuration/Poison/Air       3


   Skills:
 - Level 2.1 Dodging
 - Level 3.0 Stealth
 - Level 3.0 Spellcasting
 * Level 2.3 Conjurations
 - Level 1.0 Summonings
 - Level 0.7 Translocations


You couldn't memorise any spells.
You knew the following spells:

 Your Spells              Type           Power        Failure   Level  Hunger
a - Magic Dart            Conj           ###..        6%          1    None
b - Mephitic Cloud        Conj/Pois/Air  ##.......    30%         3    ###....
c - Call Imp              Summ           ##........   14%         2    ##.....
d - Blink                 Tloc           N/A          17%         2    ##.....


Dungeon Overview and Level Annotations

Branches:
Dungeon (2/27)

Altars:

Annotations
D:1 Terence
D:2 Sigmund


Innate Abilities, Weirdness & Mutations

You have razor-sharp teeth.*
You have supernaturally acute eyesight.
You can survive without breathing.*


Message History

Sigmund is severely wounded.
You hit Sigmund but do no damage.
Sigmund is severely wounded.
You hit Sigmund but do no damage. You bite Sigmund, but do no damage.
Sigmund is severely wounded.
You hit Sigmund but do no damage.
Sigmund is severely wounded.
You hit Sigmund but do no damage. You bite Sigmund, but do no damage.
Sigmund is severely wounded.
Sigmund closely misses you.
You hit Sigmund but do no damage.
Sigmund is severely wounded.
Sigmund barely misses you.
You hit Sigmund but do no damage.
Sigmund is severely wounded.
You barely miss Sigmund. You bite Sigmund.
Sigmund is severely wounded.
Sigmund hits you with a scythe!
Ouch! That really hurt!
You die...

..# #.#
###.########
#...........
########.#.......#
.........##....#
########<......#
#.......# #@@.....#
#......## #.#....#
#.#.#### ### #.#.#
#.......@ยง..#.#
#.###########.#
#.#...........#
#####.#....########


You could see Sigmund (confused).

Vanquished Creatures
  An adder (D:2)
  A giant gecko (D:1)
  An ooze (D:1)
  3 bats (D:1)
  4 goblins (D:1)
  5 hobgoblins
  3 kobolds (D:1)
  2 giant newts
  6 rats (D:1)
26 creatures vanquished.

Vanquished Creatures (others)
  An iron imp (D:2)
  A goblin (D:1)
2 creatures vanquished.

Grand Total: 28 creatures vanquished

Notes
Turn   | Place    | Note
--------------------------------------------------------------
     0 | D:1      | Rodney, the Vampire Wizard, began the quest for the Orb.
     0 | D:1      | Reached XP level 1. HP: 11/11 MP: 6/6
    54 | D:1      | Reached skill level 1 in Conjurations
   188 | D:1      | Reached XP level 2. HP: 17/17 MP: 4/8
   192 | D:1      | Learned a level 2 spell: Call Imp
   195 | D:1      | Learned a level 2 spell: Blink
   717 | D:2      | Reached XP level 3. HP: 20/22 MP: 2/10
   793 | D:2      | Noticed Sigmund
   862 | D:2      | Learned a level 3 spell: Mephitic Cloud
   867 | D:2      | Noticed Terence
  1827 | D:2      | Slain by Sigmund

Action                   || total
-------------------------++-------
Melee: Unarmed           ||     3
       Dagger            ||    35
 Cast: Magic Dart        ||    73
       Mephitic Cloud    ||    10
       Call Imp          ||     2
  Use: Potion            ||     1
 Stab: Confused          ||     4
